 Dungeon Sprint DCSS version 0.29.1-12-g30fa7ad0bf (webtiles) character file.

Game seed: 10872448501330398234

48305 boopmooplesden the Minotaur Porcupine (level 14, 0/166 HPs)
             Began as a Minotaur Berserker on Dec 15, 2022.
             Was the Champion of Trog.
             Killed from afar by a fire giant (24 damage)
             ... with a fireball
             ... in the Dungeon (Sprint IX: "|||||||||||||||||||||||||||||").
             The game lasted 00:09:00 (4465 turns).

boopmooplesden the Minotaur Porcupine (MiBe)        Turns: 4465, Time: 00:09:00

Health: 0/166      AC: 32    Str: 29    XL:     14   Next: 11%
Magic:  13/13      EV: 16    Int:  4    God:    Trog [******]
Gold:   503        SH:  0    Dex: 18    Spells: 13/13 levels left

rFire   x . .      SeeInvis .   M - +8 bardiche "Dokhlah" {flame, rF- rN++ Dex+7}
rCold   . . .      Faith    .   (shield currently unavailable)
rNeg    + + .      Spirit   .   s - +1 plate armour "Fiajaatz" {Contam rCorr Slay+5}
rPois   .          Reflect  .   B - +2 hat
rElec   .          Harm     .   x - +0 cloak
rCorr   +          Rampage  .   y - +0 pair of gloves
Will    +++..      NoTele   +   o - +1 pair of boots
Stlth   ..........              (no amulet)
HPRegen 1.37/turn               l - +2 ring of protection
MPRegen 0.13/turn               m - +3 ring of strength

@: strong-willed, on berserk cooldown, regenerating, slowed, studying Dodging,
very slow
A: horns 2, retaliatory headbutt
a: Renounce Religion, Berserk, Trog's Hand, Brothers in Arms


You were in the Dungeon.
You worshipped Trog.
Trog was exalted by your worship.
You visited 1 branch You collected 1715 gold pieces.
You spent 1212 gold pieces at shops.

Inventory:

Hand Weapons
 a - a +0 spear
 k - the +2 halberd of Indignation {vorpal, Will+}
   (You found it in the Dungeon)

   It inflicts extra damage upon your enemies.
   Will:      It increases your willpower.
 p - the +10 glaive of Paashauc {vorpal, rElec rF+ rC+}
   (Trog gifted it to you in the Dungeon)

   It inflicts extra damage upon your enemies.
   rF:        It protects you from fire.
   rC:        It protects you from cold.
   rElec:     It insulates you from electricity.
 t - the +6 glaive of Trog's Anger {vorpal, *Corrode rF+ Will+ Dex+3}
   (Trog gifted it to you in the Dungeon)

   It inflicts extra damage upon your enemies.
   Dex:       It affects your dexterity (+3).
   rF:        It protects you from fire.
   *Corrode:  It may corrode you when you take damage.
   Will:      It increases your willpower.
 w - a +0 vorpal bardiche
 z - a +5 bardiche
 A - the +12 halberd of Xeqylol {vorpal, rElec Str+6 Stlth-}
   (Trog gifted it to you in the Dungeon)

   It inflicts extra damage upon your enemies.
   Str:       It affects your strength (+6).
   rElec:     It insulates you from electricity.
   Stlth:     It makes you less stealthy.
 F - the +7 Singing Sword {vorpal, sonic wave}
   (You found it in the Dungeon)

   It inflicts extra damage upon your enemies.
   It radiates damaging sonic waves as it strikes, especially in combat
   involving dangerous or numerous foes.
 K - a +0 demon trident of electrocution
 M - the +8 bardiche "Dokhlah" (weapon) {flame, rF- rN++ Dex+7}
   (Trog gifted it to you in the Dungeon)

   It burns those it strikes, dealing additional fire damage.
   Big, fiery blades are also staple armaments of hydra-hunters.
   Dex:       It affects your dexterity (+7).
   rF:        It makes you vulnerable to fire.
   rN:        It greatly protects you from negative energy.
Missiles
 L - 7 javelins (quivered)
Armour
 b - a +0 animal skin
 n - a +1 chain mail
 o - a +1 pair of boots (worn)
 s - the +1 plate armour "Fiajaatz" (worn) {Contam rCorr Slay+5}
   (You bought it in a shop in the Dungeon)

   Slay:      It affects your accuracy & damage with ranged weapons and melee
   (+5).
   Contam:    It causes magical contamination when unequipped.
   rCorr:     It protects you from acid and corrosion.
 x - a +0 cloak (worn)
 y - a +0 pair of gloves (worn)
 B - a +2 hat (worn)
Jewellery
 l - a +2 ring of protection (left hand)
 m - a +3 ring of strength (right hand)
 C - a ring of ice
 D - a ring of see invisible
 E - a ring of willpower
Wands
 j - a wand of roots (10)
 r - a wand of quicksilver (12)
Scrolls
 u - a scroll of fear
 v - a scroll of butterflies
 H - 3 scrolls of identify
 I - 2 scrolls of enchant weapon
 J - 2 scrolls of enchant armour
Potions
 c - 6 potions of curing
 d - 6 potions of heal wounds
 e - 2 potions of haste
 f - 4 potions of magic
 g - a potion of berserk rage
 i - a potion of invisibility
 q - 3 potions of might
 G - a potion of resistance


   Skills:
 + Level 26.5 Fighting
 O Level 27 Polearms
 + Level 22.8 Armour
 + Level 12.9 Dodging
 + Level 3.7 Stealth


You had 13 spell levels left.
You didn't know any spells.
Your spell library was empty.

Dungeon Overview and Level Annotations

Branches:
Dungeon (1/1)

Altars:
Cheibriados
Dithmenos
Elyvilon
Fedhas
Gozag
Hepliaklqana
Kikubaaqudgha
Makhleb
Nemelex Xobeh
Okawaru
Qazlal
Ru
Sif Muna
Trog
Uskayaw
Vehumet
Wu Jian
Xom
Yredelemnul
Zin
The Shining One
Jiyva
Lugonu

Shops:
D [*=[


Innate Abilities, Weirdness & Mutations

You have a pair of horns on your head.
You reflexively headbutt those who attack you in melee.


Message History

The tentacled monstrosity constricts you.
You completely miss the tentacled monstrosity.
You headbutt the tentacled monstrosity!
You kill the tentacled monstrosity!
Trog accepts your kill. The fire giant casts a spell at you.
The bolt of fire hits the fire dragon.
The fire dragon resists.
The bolt of fire hits you!!! The fire burns you terribly!
* * * LOW HITPOINT WARNING * * *
The glowing orange brain pulsates.
The glowing orange brain radiates an aura of fear!
You are terrified of the glowing orange brain!
You have mastered Polearms!
You open the fire dragon like a pillowcase!!!!
You burn the fire dragon.
You kill the fire dragon!
Trog accepts your kill. Trog grants you a weapon!
Something appears at your feet!
You see here a +9 vorpal halberd.
The glowing orange brain pulsates.
You cannot move closer to the glowing orange brain!
You cannot move closer to the glowing orange brain!
You cannot move closer to the glowing orange brain!
You cannot move closer to the glowing orange brain!
You cannot move closer to the glowing orange brain!
You cannot move closer to the glowing orange brain!
Unknown command.
You cannot move closer to the glowing orange brain!
You cannot move closer to the glowing orange brain!
You cannot move closer to the glowing orange brain!
Unknown command.
Blink to where?
Press: ? - help, Dir - move target
As you read the scroll of blinking, it crumbles to dust.
You are no longer terrified.
Your skin crawls.
You feel strong-willed.
The fire giant points at you and mumbles some strange words.
The fireball explodes!
The fireball engulfs you!! The fire burns you terribly!
You die...

.▓.▓.▓.▓.▓.▓.▓.▓.▓
.▓.▓.▓.▓.▓.▓.▓.▓.▓
.▓.▓.▓.▓.▓.▓.▓.▓.▓
.▓.▓.▓.▓.▓.▓.▓.▓.▓
'▓.▓.▓.▓.▓.▓.▓.▓.▓
.▓.▓.▓.▓.▓.▓.▓.▓.▓
.▓.▓.▓.▓'▓.▓.▓.▓.▓
.▓.▓.▓.▓.▓.▓.▓.▓.▓
.▓.▓.▓.▓.▓.▓.▓.▓@▓
.▓.▓.▓.▓.▓.▓.▓.▓.▓
.▓.▓'▓.▓=▓.▓.▓.▓.▓
(▓.▓)▓.▓.▓.▓)▓.▓.▓
.▓)▓)▓.▓)▓.▓†▓.▓.▓
.▓.▓)▓)▓)▓.▓†▓.▓.▓
.▓.▓)▓.▓)▓.▓.▓.▓C▓
.▓.▓)▓.▓)▓.▓.▓.▓i▓
.▓.▓)▓.▓.▓.▓.▓.▓u▓


You could see a fire giant and a spriggan air mage (repels missiles).

Vanquished Creatures
  A tentacled monstrosity (D)
  Frances (D)
  Agnes (D)
  Kirke (D)
  Gastronok (D)
  2 tengu reavers (D)
  A frost giant (D)
  A ghost moth (D)
  5 stone giants (D)
  A very ugly thing (D)
  Azrael (D)
  A bunyip (D)
  3 fire dragons (D)
  A ghost crab (D)
  A hydra (D)
  A spriggan air mage (D)
  3 centaur warriors (D)
  A radroach (D)
  3 two-headed ogres (D)
  A shock serpent (D)
  Urug (D)
  A spriggan berserker (D)
  Sonja (D)
  A goliath frog (D)
  A sea snake (D)
  A swamp dragon (D)
  A harpy (D)
  9 orc knights (D)
  A manticore (D)
  A wolf spider (D)
  2 ugly things (D)
  A will-o-the-wisp (D)
  An orc sorcerer (D)
  2 cyclopes (D)
  Joseph (D)
  3 elephants (D)
  3 black mambas (D)
  2 merfolk sirens (D)
  A water nymph (D)
  2 naga magi (D)
  A guardian serpent (D)
  Psyche (D)
  A cane toad (D)
  2 komodo dragons (D)
  A freezing wraith (D)
  2 merfolk (D)
  A bloated husk (D)
  A tarantella (D)
  8 polar bears (D)
  A hornet (D)
  2 trolls (D)
  2 blink frogs (D)
  A jumping spider (D)
  2 culicivoras (D)
  A spriggan (D)
  A shadow (D)
  2 wyverns (D)
  A basilisk (D)
  3 fire elementals (D)
  3 hogs (D)
  2 redbacks (D)
  2 nagas (D)
  3 hell hounds (D)
  2 water moccasins (D)
  2 black bears (D)
  15 orc warriors (D)
  4 bullfrogs (D)
  A necrophage (D)
  A gnoll sergeant (D)
  A howler monkey (D)
  A jelly (D)
  3 orc priests (D)
  7 orc wizards (D)
  2 adders (D)
  5 orcs (D)
  A giant cockroach (D)
  2 goblins (D)
  2 bats (D)
160 creatures vanquished.

Vanquished Creatures (collateral kills)
  A deep troll earth mage (D)
  An orc knight (D)
2 creatures vanquished.

Vanquished Creatures (others)
  A hydra (D)
  A hornet (D)
  A spriggan (D)
  A foxfire (D)
4 creatures vanquished.

Grand Total: 166 creatures vanquished

Notes
Turn   | Place    | Note
-------+----------+-------------------------------------------
     0 | D        | boopmooplesden the Minotaur Berserker began the quest for
                  | the Orb.
     0 | D        | Reached XP level 1. HP: 19/19 MP: 0/0
     5 | D        | Reached skill level 4 in Polearms
    12 | D        | Reached ** piety under Trog
    24 | D        | Noticed a necrophage
    24 | D        | Noticed a jelly
    28 | D        | Reached skill level 5 in Fighting
    28 | D        | Reached skill level 5 in Polearms
    28 | D        | Reached XP level 2. HP: 29/29 MP: 1/1
    36 | D        | Killed a necrophage
    36 | D        | Reached *** piety under Trog
    37 | D        | Reached skill level 7 in Polearms
    37 | D        | Reached XP level 3. HP: 38/38 MP: 2/2
    37 | D        | Reached XP level 4. HP: 45/45 MP: 3/3
   123 | D        | Found a snail-covered altar of Cheibriados.
   123 | D        | Found a shadowy altar of Dithmenos.
   123 | D        | Found a white marble altar of Elyvilon.
   123 | D        | Found a blossoming altar of Fedhas.
   123 | D        | Found an opulent altar of Gozag.
   124 | D        | Found a hazy altar of Hepliaklqana.
   125 | D        | Found a viscous altar of Jiyva.
   126 | D        | Found an ancient bone altar of Kikubaaqudgha.
   127 | D        | Found a corrupted altar of Lugonu.
   128 | D        | Found a burning altar of Makhleb.
   129 | D        | Found a sparkling altar of Nemelex Xobeh.
   130 | D        | Found an iron altar of Okawaru.
   131 | D        | Found a stormy altar of Qazlal.
   132 | D        | Found a sacrificial altar of Ru.
   133 | D        | Found a shimmering blue altar of Sif Muna.
   134 | D        | Found a bloodstained altar of Trog.
   135 | D        | Found a hide-covered altar of Uskayaw.
   136 | D        | Found a radiant altar of Vehumet.
   137 | D        | Found an ornate altar of the Wu Jian Council.
   138 | D        | Found a shimmering altar of Xom.
   139 | D        | Found a basalt altar of Yredelemnul.
   140 | D        | Found a glowing silver altar of Zin.
   141 | D        | Found a glowing golden altar of the Shining One.
   157 | D        | Got the +2 halberd of Indignation {vorpal, Will+}
   194 | D        | Noticed a two-headed ogre
   194 | D        | Noticed a shadow
   194 | D        | Noticed a troll
   194 | D        | Noticed a wyvern
   194 | D        | Noticed an orc warrior
   197 | D        | Reached **** piety under Trog
   198 | D        | Reached skill level 8 in Polearms
   198 | D        | Reached XP level 5. HP: 53/53 MP: 4/4
   200 | D        | Killed a two-headed ogre
   201 | D        | Reached skill level 12 in Polearms
   201 | D        | Reached XP level 6. HP: 70/70 MP: 5/5
   201 | D        | Reached XP level 7. HP: 77/77 MP: 6/6
   202 | D        | Killed a shadow
   203 | D        | Reached skill level 13 in Polearms
   203 | D        | Reached skill level 1 in Stealth
   209 | D        | Killed a troll
   210 | D        | Reached XP level 8. HP: 56/85 MP: 7/7
   211 | D        | Reached ***** piety under Trog
   212 | D        | Reached skill level 14 in Polearms
   534 | D        | Noticed a two-headed ogre
   534 | D        | Noticed a troll
   534 | D        | Noticed a two-headed ogre
   534 | D        | Noticed a cyclops
   537 | D        | Killed a two-headed ogre
   538 | D        | Reached skill level 15 in Polearms
   539 | D        | Killed a troll
   540 | D        | Reached XP level 9. HP: 96/96 MP: 8/8
   543 | D        | Killed a two-headed ogre
   544 | D        | Reached skill level 15 in Fighting
   544 | D        | Reached skill level 16 in Polearms
   548 | D        | Identified the +10 glaive of Paashauc {vorpal, rElec rF+
                  | rC+} (Trog gifted it to you in the Dungeon)
   548 | D        | Received a gift from Trog
   556 | D        | Killed a cyclops
   557 | D        | Reached skill level 17 in Polearms
   781 | D        | Noticed a polar bear
   781 | D        | Noticed an elephant
   789 | D        | Killed a polar bear
   790 | D        | Reached skill level 10 in Armour
   792 | D        | Received a gift from Trog
   798 | D        | Killed an elephant
   799 | D        | Reached XP level 10. HP: 108/108 MP: 9/9
   804 | D        | Reached skill level 18 in Polearms
   809 | D        | Reached skill level 10 in Dodging
   847 | D        | Noticed a cane toad
   849 | D        | Reached ****** piety under Trog
   850 | D        | Noticed an elephant
   851 | D        | Noticed an elephant
   854 | D        | Killed a cane toad
   857 | D        | Received a gift from Trog
   864 | D        | Killed an elephant
   870 | D        | Killed an elephant
   871 | D        | Reached skill level 19 in Polearms
  1113 | D        | Received a gift from Trog
  1128 | D        | Reached XP level 11. HP: 66/119 MP: 10/10
  1395 | D        | Noticed Joseph
  1403 | D        | Killed Joseph
  1404 | D        | Reached skill level 20 in Polearms
  1454 | D        | Received a gift from Trog
  1615 | D        | Noticed an orc knight
  1623 | D        | Received a gift from Trog
  1624 | D        | Noticed an orc sorcerer
  1626 | D        | Noticed an orc knight
  1629 | D        | Killed an orc knight
  1634 | D        | Noticed an orc knight
  1640 | D        | Killed an orc sorcerer
  1647 | D        | Killed an orc knight
  1657 | D        | Killed an orc knight
  1666 | D        | Received a gift from Trog
  1934 | D        | Found Yryl's Armour Emporium.
  1934 | D        | Noticed an orc knight
  1934 | D        | Noticed an orc knight
  1934 | D        | Noticed an orc knight
  1939 | D        | Killed an orc knight
  1945 | D        | Killed an orc knight
  1945 | D        | Received a gift from Trog
  1946 | D        | Reached skill level 21 in Polearms
  1947 | D        | Killed an orc knight
  1948 | D        | Found Zuephecs's General Store.
  1958 | D        | Noticed an orc knight
  1959 | D        | Found Pupriu's Jewellery Emporium.
  1961 | D        | Reached skill level 15 in Armour
  1962 | D        | Found Iklepn's Antique Armour Shoppe.
  1963 | D        | Noticed an orc knight
  1967 | D        | Killed an orc knight
  1971 | D        | Noticed an orc knight
  1972 | D        | Killed an orc knight
  1972 | D        | Identified the +12 halberd of Xeqylol {vorpal, rElec Str+6
                  | Stlth-} (Trog gifted it to you in the Dungeon)
  1972 | D        | Received a gift from Trog
  1973 | D        | Noticed an orc knight
  1982 | D        | Killed an orc knight
  2009 | D        | Killed an orc knight
  2054 | D        | Bought a polished plate armour for 588 gold pieces
  2054 | D        | Identified the +1 plate armour "Fiajaatz" {Contam rCorr
                  | Slay+5} (You bought it in a shop in the Dungeon)
  2068 | D        | Bought a scroll of acquirement for 624 gold pieces
  2068 | D        | Acquired a manual of Dodging
  2215 | D        | Noticed Psyche
  2219 | D        | Killed Psyche
  2249 | D        | Noticed Gastronok
  2257 | D        | Killed Gastronok
  2258 | D        | Reached skill level 22 in Polearms
  2258 | D        | Reached XP level 12. HP: 128/134 MP: 11/11
  2275 | D        | Noticed Sonja
  2281 | D        | Killed Sonja
  2281 | D        | Identified the +6 glaive of Trog's Anger {vorpal, *Corrode
                  | rF+ Will+ Dex+3} (Trog gifted it to you in the Dungeon)
  2281 | D        | Received a gift from Trog
  2602 | D        | Found the +7 Singing Sword {vorpal, sonic wave}
  2655 | D        | Noticed a centaur warrior
  2655 | D        | Noticed a centaur warrior
  2655 | D        | Noticed a centaur warrior
  2658 | D        | Noticed a seven-headed hydra
  2666 | D        | Noticed a deep troll earth mage
  2668 | D        | Killed a centaur warrior
  2669 | D        | Noticed a fire dragon
  2673 | D        | Killed a centaur warrior
  2675 | D        | Killed a centaur warrior
  2675 | D        | Received a gift from Trog
  2676 | D        | Noticed a stone giant
  2683 | D        | Killed an 11-headed hydra
  2683 | D        | Noticed a stone giant
  2686 | D        | Noticed a stone giant
  2698 | D        | Killed a deep troll earth mage
  2699 | D        | Reached skill level 23 in Polearms
  2701 | D        | Noticed a tengu reaver
  2704 | D        | Killed a fire dragon
  2753 | D        | Killed a stone giant
  2755 | D        | Killed a stone giant
  2758 | D        | Killed a stone giant
  2759 | D        | Killed a tengu reaver
  2794 | D        | Noticed a stone giant
  2802 | D        | Killed a stone giant
  2802 | D        | Received a gift from Trog
  3152 | D        | Noticed Azrael
  3161 | D        | Killed Azrael
  3163 | D        | Received a gift from Trog
  3192 | D        | Noticed Frances
  3193 | D        | Noticed Agnes
  3195 | D        | Reached XP level 13. HP: 148/148 MP: 12/12
  3208 | D        | Killed Frances
  3209 | D        | Reached skill level 24 in Polearms
  3213 | D        | Killed Agnes
  3225 | D        | Noticed Urug
  3236 | D        | Killed Urug
  3381 | D        | Received a gift from Trog
  3389 | D        | Killed a ghost moth
  3403 | D        | Received a gift from Trog
  3586 | D        | Received a gift from Trog
  3592 | D        | Reached skill level 25 in Polearms
  3858 | D        | Identified the +8 bardiche "Dokhlah" {flame, rF- rN++
                  | Dex+7} (Trog gifted it to you in the Dungeon)
  3858 | D        | Received a gift from Trog
  3870 | D        | Received a gift from Trog
  3926 | D        | Noticed a bunyip
  3928 | D        | Killed a bunyip
  3937 | D        | Received a gift from Trog
  4259 | D        | Noticed Kirke
  4264 | D        | Received a gift from Trog
  4269 | D        | Killed Kirke
  4270 | D        | Reached skill level 26 in Polearms
  4427 | D        | Noticed a fire dragon
  4427 | D        | Noticed a tengu reaver
  4427 | D        | Noticed a stone giant
  4427 | D        | Noticed a cyan very ugly thing
  4427 | D        | Noticed a frost giant
  4431 | D        | Noticed a fire dragon
  4438 | D        | Killed a fire dragon
  4440 | D        | Killed a tengu reaver
  4440 | D        | Received a gift from Trog
  4441 | D        | Noticed a fire giant
  4444 | D        | Noticed a tentacled monstrosity
  4444 | D        | Killed a stone giant
  4447 | D        | Killed a cyan very ugly thing
  4450 | D        | Killed a frost giant
  4451 | D        | Reached XP level 14. HP: 126/165 MP: 13/13
  4452 | D        | Noticed a brown very ugly thing
  4459 | D        | Killed a tentacled monstrosity
  4460 | D        | Reached skill level 27 in Polearms
  4460 | D        | Received a gift from Trog
  4465 | D        | Killed from afar by a fire giant

Illustrated notes

Levels and vault maps discovered:
D:        linesprint [early_d, line_temple, items_1, d_10, items_2, lair_1,
          lair_end, items_3, orc_1, orc_end, items_4, d_15, swamp_1, shoals_1,
          snake_1, spider_1, d_20, vaults_1, items_5, swamp_end, shoals_end,
          snake_end, spider_end, vaults_end, d_27, items_6, zot_1, zot_end,
          crypt_end, forest_end, elf_end, slime_end, tomb_end, abyss_end,
          pan_hell_end]

Skill      XL: |  1  2  3  4  5  6  7  8  9 10 11 12 13 14 |
---------------+-------------------------------------------+-----
Fighting       | 5 6 8 12 14 16 18 20 23 26 | 26.5
Polearms       | 5 7 8 12 13 15 17 19 22 23 26 27 | 27.0
Armour         | 3 4 6 8 10 12 16 19 22 | 22.8
Dodging        | 3 4 7 8 9 10 11 12 | 12.9
Stealth        | 1 2 3 |  3.7

Action                   |  1- 3 |  4- 6 |  7- 9 | 10-12 | 13-15 || total
-------------------------+-------+-------+-------+-------+-------++-------
Melee: Spear             |    24 |     4 |       |       |       ||    28
       Headbutt          |     2 |     1 |     8 |    50 |    21 ||    82
       Halberd           |       |     5 |    42 |   131 |       ||   178
       Glaive            |       |       |       |    95 |    62 ||   157
       Bardiche          |       |       |       |       |    50 ||    50
Invok: Berserk           |     1 |     1 |     2 |     9 |     6 ||    19
       Trog's Hand       |       |       |       |     4 |     1 ||     5
       Brothers in Arms  |       |       |       |     3 |       ||     3
  Use: Scroll            |       |       |       |     8 |     1 ||     9
       Potion            |       |       |       |     3 |       ||     3
Armor: Animal skin       |     7 |       |       |       |       ||     7
       Chain mail        |       |       |    18 |    53 |       ||    71
       Plate armour      |       |       |       |    69 |    75 ||   144
Dodge: Dodged            |    10 |     2 |    12 |   105 |    56 ||   185
